[Event "*** Titled Tuesday Blitz"]
[Site "Chess.com"]
[Date "2019.11.05"]
[Round "1"]
[White "Witik"]
[Black "PawnEatingZombie"]
[Result "1-0"]
[WhiteElo "2572"]
[BlackElo "2174"]
[TimeControl "180+2"]
[EndTime "13:07:21 PST"]
[Termination "Witik won by resignation"]

1. d4 d5 2. Bf4 e6 3. e3 Bd6 4.
Bg3 Nf6 5. Nd2 c5 6. c3 Qc7 7. Bxd6 Qxd6 8. Bd3 O-O 9. f4 Nc6 10.
Ngf3 Ne7 11. Qe2 Nf5 12. O-O b6 13. Ne5 Qc7 14. Rf3 Bb7 15. Rh3 g6 16. Rf1 Ne4 17.
Bxe4 dxe4 18. g4 Nd6 19. f5 exf5 20. gxf5 Nxf5 21. Rxf5 gxf5 22. Qh5 f6 23. Rg3+ Kh8 24. Ng6+ Kg7 25. Ne7+ Kh8 26. Ng6+ Kg7 27. Nxf8+ Kxf8 28. Qh6+ Ke8 29. Rg8+ Kd7 30. Rg7+ Kc6 31. Rxc7+ Kxc7 32. Qxf6 1-0

[Event "*** Titled Tuesday Blitz"]
[Site "Chess.com"]
[Date "2019.11.05"]
[Round "1"]
[White "Vojtap"]
[Black "sergeikim"]
[Result "0-1"]
[WhiteElo "2151"]
[BlackElo "2561"]
[TimeControl "180+2"]
[EndTime "13:07:22 PST"]
[Termination "sergeikim won by resignation"]

1. e4 e5 2. Nf3 Nc6 3. Bb5 a6 4. Ba4 Nf6 5. O-O Be7 6. Re1 b5 7. Bb3 O-O 8. c3 d5 9. exd5 Nxd5 10. Nxe5 Nxe5 11. Rxe5 c6 12. d4 Bd6 13. Re1 Qh4 14.
g3 Qh3 15. Qd3 Be6 16. Be3 Rae8 17. Nd2 f5 18. Qf1 Qh5 19. f4 g5 20. a4 Kh8 21.
axb5 axb5 22. Bd1 Qg6 23. fxg5 f4 24. gxf4 Nxe3 25. Rxe3 Bxf4 26. Re2 Bxd2 27. Qg2 Bxg5 28. Bc2 Qg7 29. Rae1 Bd5 30. Qg3 Rxe2 31. Rxe2 Bf4 32. Qxg7+ Kxg7 33. Be4 Bxe4 34. Rxe4 Rf6 35. Re7+ Kg6 36.
Kg2 Bc1 37. b3 Bb2 38. Re3 h5 39. Rd3 Rd6 40. Kg3 b4 41. cxb4 Rxd4 42. Re3 Rd6 43. Rf3 Be5+ 44. Kh3 Rd2 0-1

[Event "*** Titled Tuesday Blitz"]
[Site "Chess.com"]
[Date "2019.11.05"]
[Round "1"]
[White "liczner"]
[Black "WeAintSurePal"]
[Result "1-0"]
[WhiteElo "2818"]
[BlackElo "2439"]
[TimeControl "180+2"]
[EndTime "13:07:24 PST"]
[Termination "liczner won by resignation"]

1. e4 c6 2. d4 d5 3. exd5 cxd5 4.
c4 Nf6 5. Nc3 Nc6 6. Nf3 Bg4 7. cxd5 Nxd5 8. Qb3 Bxf3 9. gxf3 Nb6 10. Be3 e6 11. Rg1 Bb4 12. O-O-O Bxc3 13. bxc3 Rc8 14.
Rxg7 Qf6 15. Rg3 h5 16. Bg5 Qf5 17. Bd3 Qa5 18. Kb1 h4 19. Rgg1 Ne7 20. c4 Nc6 21. Bd2 Qh5 22. d5 exd5 23. Rde1+ Kd8 24. Rg5 Qxf3 25.
Rf5 dxc4 26. Bg5+ Kc7 27. Rxf3 cxb3 28. Bf4+ Kd7 29. Bf5+ Kd8 30. Rd3+ 1-0

[Event "*** Titled Tuesday Blitz"]
[Site "Chess.com"]
[Date "2019.11.05"]
[Round "1"]
[White "el-reptiliano"]
[Black "Astaneh"]
[Result "0-1"]
[WhiteElo "2294"]
[BlackElo "2652"]
[TimeControl "180+2"]
[EndTime "13:07:24 PST"]
[Termination "Astaneh won by resignation"]

1. Nf3 Nf6 2. c4 e6 3. e3 c5 4.
Nc3 Be7 5. d4 cxd4 6. exd4 d5 7.
Bd3 a6 8. O-O dxc4 9. Bxc4 b5 10. Bb3 Bb7 11. Re1 O-O 12. Bg5 Nbd7 13. Ne5 b4 14.
Na4 Nd5 15. Bxe7 Nxe7 16. Rc1 Rc8 17. Nc5 Nxc5 18. dxc5 Qxd1 19. Rexd1 Bd5 20. Kf1 Rc7 21. Ba4 Rfc8 22. Bd7 Rd8 23. c6 f6 24. Nd3 a5 25.
Nc5 Kf7 26. Ke2 Nxc6 27. Nxe6 Rcxd7 28. Nxd8+ Nxd8 29. Rc5 Ke6 30. f4 Nb7 31. Rb5 Bc4+ 0-1

[Event "*** Titled Tuesday Blitz"]
[Site "Chess.com"]
[Date "2019.11.05"]
[Round "1"]
[White "platy3"]
[Black "MartinZumsande"]
[Result "1-0"]
[WhiteElo "2901"]
[BlackElo "2485"]
[TimeControl "180+2"]
[EndTime "13:07:25 PST"]
[Termination "platy3 won by resignation"]

1. e4 e6 2. d4 d5 3. Nd2 Nf6 4. e5 Nfd7 5. Bd3 c5 6. c3 b6 7. Ne2 Ba6 8. Bxa6 Nxa6 9. O-O Nc7 10. f4 f5 11. exf6 Qxf6 12. Nf3 Bd6 13. Ne5 Qe7 14. Qa4 b5 15. Qc2 O-O 16. Be3 c4 17.
Rae1 Bxe5 18. dxe5 Nc5 19. Bxc5 Qxc5+ 20. Kh1 b4 21.
Nd4 bxc3 22. bxc3 Rab8 23. f5 exf5 24. Rxf5 Rxf5 25. Qxf5 Rf8 26. Qd7 Qa5 27. Nf5 Ne8 28. Rf1 Qa3 29. h3 Kh8 30. e6 g6 31. e7 Rg8 32. Nh6 Nf6 33. Qe6 Qxc3 34. Qxg8+ Nxg8 35. e8=Q 1-0

[Event "*** Titled Tuesday Blitz"]
[Site "Chess.com"]
[Date "2019.11.05"]
[Round "1"]
[White "Lestofante90"]
[Black "marianokar"]
[Result "1-0"]
[WhiteElo "2856"]
[BlackElo "2468"]
[TimeControl "180+2"]
[EndTime "13:07:27 PST"]
[Termination "Lestofante90 won by resignation"]

1. e4 c5 2. Nf3 d6 3. d4 cxd4 4.
Qxd4 a6 5. Be2 Nc6 6. Qe3 g6 7. O-O Nf6 8. Rd1 Bg7 9. h3 O-O 10. c4 Nd7 11. Nc3 Rb8 12. Rb1 Qa5 13. Bd2 Qc5 14. Nd5 Qxe3 15. Bxe3 f5 16. exf5 gxf5 17. b3 h6 18. Re1 Rf7 19. Rbd1 Nde5 20. Nxe5 Bxe5 21. f4 Bg7 22. Bd3 e6 23. Nb6 Bf8 24. Bf2 Rf6 25. Bh4 Rg6 26. Kh2 Kf7 27. Be2 Rg8 28.
Bh5+ Kg7 29. Nxc8 Rxc8 30. Rxe6 1-0

[Event "*** Titled Tuesday Blitz"]
[Site "Chess.com"]
[Date "2019.11.05"]
[Round "1"]
[White "joshdaruca"]
[Black "Feegus"]
[Result "1-0"]
[WhiteElo "2700"]
[BlackElo "2346"]
[TimeControl "180+2"]
[EndTime "13:07:29 PST"]
[Termination "joshdaruca won by resignation"]

1. Nf3 Nf6 2. g3 g6 3. Bg2 Bg7 4. O-O O-O 5. c4 d5 6. cxd5 Nxd5 7. Nc3 Nc6 8. Nxd5 Qxd5 9. d3 Bg4 10. h3 Bxf3 11.
Bxf3 Qd7 12. Bg2 Rab8 13. Rb1 Nd4 14. b4 Nb5 15. Qb3 Nd4 16. Qd1 Nb5 17. Qc2 Nd4 18.
Qd2 Qe6 19. e3 Nb5 20. d4 c6 21. a4 Nd6 22. b5 Qc4 23. Rb4 Qe6 24. bxc6 bxc6 25. Rxb8 Rxb8 26. Qa5 Qd7 27. Qc5 Rb6 28.
Bd2 Nb7 29. Qc2 e5 30. a5 Ra6 31. Qc4 Rxa5 32. Bxa5 Nxa5 33. Qa4 Qd8 34. Ra1 Nb7 35. Qxc6 exd4 36. Qxb7 dxe3 37. Rxa7 exf2+ 38. Kh2 Qd6 39. Qxf7+ 1-0

[Event "*** Titled Tuesday Blitz"]
[Site "Chess.com"]
[Date "2019.11.05"]
[Round "1"]
[White "littleplotkin"]
[Black "StoreySniper"]
[Result "1-0"]
[WhiteElo "2670"]
[BlackElo "2309"]
[TimeControl "180+2"]
[EndTime "13:07:29 PST"]
[Termination "littleplotkin won by resignation"]

1. e4 g6 2. d4 Bg7 3. Nc3 c5 4. dxc5 Bxc3+ 5. bxc3 Nf6 6. e5 Ne4 7. Qd4 Qa5 8. Bd3 Nxc5 9. Bd2 Nc6 10. Qh4 Nxe5 11.
Be2 Qa4 12. Qd4 d6 13. f4 f6 14. fxe5 fxe5 15. Qxa4+ Nxa4 16. Nf3 Bd7 17. Ng5 Rc8 18. O-O Nxc3 19. Bd3 Bf5 20. Bxf5 gxf5 21. Rxf5 Ne2+ 22. Kh1 Rxc2 23. Be3 b6 24. Rf2 h6 25. Nf3 O-O 26.
Re1 e4 27. Rfxe2 Rxe2 28. Rxe2 exf3 29. gxf3 Rxf3 30. Bxh6 Kf7 31. Kg2 Ra3 32. Bc1 Ra4 33. Kg3 e5 34. h4 Kg6 35. Rd2 Kf5 36. h5 Rc4 37. Rf2+ Ke6 38. Bg5 Rc3+ 39. Kh2 Rc7 40.
h6 e4 41. Kg3 d5 42. Rf6+ Ke5 43. Rg6 Rc3+ 44. Kg4 Rc8 45. h7 e3 46. Rg8 Rc4+ 47. Kf3 1-0

[Event "*** Titled Tuesday Blitz"]
[Site "Chess.com"]
[Date "2019.11.05"]
[Round "1"]
[White "LuisFSiles"]
[Black "NTBT_DHS"]
[Result "0-1"]
[WhiteElo "2301"]
[BlackElo "2661"]
[TimeControl "180+2"]
[EndTime "13:07:32 PST"]
[Termination "NTBT_DHS won by resignation"]

1. e4 g6 2. Nc3 Bg7 3. f4 d6 4. Nf3 Nf6 5. Bc4 O-O 6. d3 c6 7.
Bb3 a5 8. a4 Na6 9. O-O d5 10.
e5 Ng4 11. d4 f5 12. h3 Nh6 13. Be3 Nf7 14. Bf2 Nc7 15. Bh4 Ne6 16. Ne2 b6 17. c4 Ba6 18. cxd5 cxd5 19. Rf2 Rc8 20. Bg3 Qd7 21. Nc3 Bc4 22. Nd2 Nxd4 23. Nxc4 dxc4 24.
Rd2 Rfd8 25. Nb5 Nf3+ 26. Qxf3 Qxd2 27. Rd1 Qxb2 28. Rxd8+ Rxd8 29. Bxc4 Qc1+ 30. Bf1 e6 31. Bh4 Rd1 32. Be7 Bf8 33. Bd6 Nxd6 34. exd6 Bxd6 35. Nxd6 Qc5+ 36. Kh2 Qxd6 37. Bc4 Rd4 0-1

[Event "*** Titled Tuesday Blitz"]
[Site "Chess.com"]
[Date "2019.11.05"]
[Round "1"]
[White "Zq1"]
[Black "politeplayer"]
[Result "1-0"]
[WhiteElo "2603"]
[BlackElo "2215"]
[TimeControl "180+2"]
[EndTime "13:07:32 PST"]
[Termination "Zq1 won by checkmate"]

1. d4 Nf6 2. c4 c5 3. Nf3 cxd4 4. Nxd4 g6 5. Nc3 Bg7 6. e4 Nc6 7. Be3 O-O 8. Be2 d6 9. O-O Nd7 10. Qd2 Nc5 11. Rfd1 Nxd4 12. Bxd4 Bxd4 13. Qxd4 Be6 14. e5 Qa5 15. exd6 exd6 16. Qxd6 Rad8 17. Qe5 Rxd1+ 18.
Rxd1 Qb4 19. Rd2 Na4 20. a3 Qb3 21. Bd1 Qxc4 22. Bxa4 f6 23. Qe4 Qc8 24. h3 a6 25.
Qd4 b5 26. Bd1 Kg7 27. Bf3 Re8 28. h4 Qc7 29. g3 Bh3 30. Kh2 Bf5 31. Nd5 Qc1 32.
Qxf6+ Kg8 33. Qg5 Re1 34. Ne7+ Kf7 35. Nxf5 gxf5 36. Bh5+ Ke6 37. Qh6+ Ke7 38. Qd6# 1-0

[Event "*** Titled Tuesday Blitz"]
[Site "Chess.com"]
[Date "2019.11.05"]
[Round "1"]
[White "maxip32"]
[Black "Zaven_ChessMood"]
[Result "1/2-1/2"]
[WhiteElo "2482"]
[BlackElo "2861"]
[TimeControl "180+2"]
[EndTime "13:07:33 PST"]
[Termination "Game drawn by repetition"]

1. e4 c5 2. Nf3 d6 3. d4 cxd4 4. Nxd4 Nf6 5. Nc3 a6 6. Be2 g6 7. O-O Bg7 8. Re1 O-O 9. Bf1 Nc6 10. Nb3 Be6 11. Nd5 Rc8 12. c3 Ne5 13. a4 Bg4 14. Be2 Bxe2 15. Qxe2 e6 16. Nxf6+ Qxf6 17. Nd4 Rfd8 18.
Ra3 Qe7 19. Rb3 d5 20. f4 Nc6 21. Nxc6 Rxc6 22. e5 Rc4 23. a5 h5 24. Be3 h4 25.
Rb6 Bh6 26. g3 Re4 27. Qf2 Rc8 28. Bd4 Rxe1+ 29. Qxe1 Rc4 30. b3 Rc7 31. Qe3 Qa3 32.
gxh4 Qa1+ 33. Kg2 Qb2+ 34. Kg3 Qc2 35. Qf3 Qd2 36. Rd6 Qe1+ 37. Kh3 Kh7 38. h5 gxh5 39. f5 Bg5 40. Qxh5+ Bh6 41. fxe6 Qf1+ 42. Kh4 Qf4+ 43. Kh3 Qf1+ 44. Kh4 Qf4+ 45. Kh3 Qf1+ 1/2-1/2

[Event "*** Titled Tuesday Blitz"]
[Site "Chess.com"]
[Date "2019.11.05"]
[Round "1"]
[White "hypert"]
[Black "Gabrielian_Artur"]
[Result "0-1"]
[WhiteElo "2441"]
[BlackElo "2827"]
[TimeControl "180+2"]
[EndTime "13:07:40 PST"]
[Termination "Gabrielian_Artur won by resignation"]

1. e4 c5 2. Nf3 d6 3. d4 cxd4 4.
Nxd4 Nf6 5. Nc3 Nc6 6. Bg5 e6 7. Qd2 a6 8. O-O-O Bd7 9. f3 Be7 10. h4 Nxd4 11. Qxd4 Qc7 12. Kb1 b5 13. g4 h5 14. gxh5 Nxh5 15. Bxe7 Kxe7 16. Rg1 Qc5 17. Qxc5 dxc5 18. Ne2 Rad8 19. Bh3 g6 20. Rg5 c4 21.
a4 Nf6 22. axb5 axb5 23. e5 Nd5 24. h5 Rxh5 25. Rxh5 gxh5 26. Ng3 Nf4 27. Bf1 Bc6 28. Kc1 Rxd1+ 29. Kxd1 Bxf3+ 30. Kd2 Ng6 31. Ke3 Nxe5 32. Kf4 f6 33. b3 cxb3 34. cxb3 b4 35. Bh3 h4 36.
Nf1 Bd5 37. Nd2 Ng6+ 38. Kg4 e5 39. Bf1 Be6+ 40. Kh5 Bf7 41. Kg4 Be6+ 42. Kh5 Kf7 43.
Nc4 h3 44. Nd6+ Ke7 45. Kxg6 Kxd6 46. Kxf6 h2 47. Bg2 Bd5 48. Bxd5 Kxd5 0-1

[Event "*** Titled Tuesday Blitz"]
[Site "Chess.com"]
[Date "2019.11.05"]
[Round "1"]
[White "kikydu96"]
[Black "Dedic8"]
[Result "0-1"]
[WhiteElo "2398"]
[BlackElo "2745"]
[TimeControl "180+2"]
[EndTime "13:07:40 PST"]
[Termination "Dedic8 won by resignation"]

1. e4 c6 2. d4 d5 3. Nc3 dxe4 4. Nxe4 Bf5 5. Ng3 Bg6 6. h4 h6 7. Nf3 Nd7 8. h5 Bh7 9. Bd3 Bxd3 10. Qxd3 e6 11.
Bd2 Ngf6 12. O-O-O Be7 13. Kb1 O-O 14. Ne4 c5 15.
dxc5 Nxc5 16. Nxc5 Bxc5 17. Be3 Qxd3 18. Rxd3 Bxe3 19.
Rxe3 Rfd8 20. Rb3 b6 21. a4 Rd5 22. Rb5 Rad8 23. Rxd5 Rxd5 24. Rh4 Rxh5 25. Rc4 Rc5 26.
Rxc5 bxc5 27. Ka2 Kf8 28. Kb3 Ke7 29. Ne5 h5 30. Nc6+ Kd7 31. Nxa7 g5 32. Nb5 h4 33. Nc3 g4 34. Ne2 Ne4 35. Kc4 Kc6 36. Kd3 Nxf2+ 37.
Ke3 Nd1+ 38. Kf4 f5 39. b3 Nf2 40. Ke5 Ne4 41. Nf4 Ng5 42. Kf6 h3 43. gxh3 gxh3 44. Nh5 Ne4+ 0-1

[Event "*** Titled Tuesday Blitz"]
[Site "Chess.com"]
[Date "2019.11.05"]
[Round "1"]
[White "raswi"]
[Black "SiddharthGMJagadeesh"]
[Result "1/2-1/2"]
[WhiteElo "2210"]
[BlackElo "2587"]
[TimeControl "180+2"]
[EndTime "13:07:40 PST"]
[Termination "Game drawn by agreement"]

1. e4 c5 2. Nf3 Nc6 3. d4 cxd4 4. Nxd4 Nf6 5. Nc3 e5 6. Ndb5 d6 7. Bg5 a6 8. Na3 b5 9. Bxf6 gxf6 10. Nd5 f5 11. g3 fxe4 12. Bg2 Bg7 13. Bxe4 Be6 14. O-O Rc8 15. c3 Ne7 16. Nc2 O-O 17.
a4 f5 18. Nxe7+ Qxe7 19. Bd5 Rc5 20. Bxe6+ Qxe6 21. axb5 axb5 22. Ra7 d5 23. Re1 Qg6 24. Rd7 Qc6 25. Rxg7+ Kxg7 26. Rxe5 Qf6 27. Qe2 f4 28.
Nd4 Rcc8 29. Ne6+ Kh8 30. Nxf8 Rxf8 31. Re8 1/2-1/2

[Event "*** Titled Tuesday Blitz"]
[Site "Chess.com"]
[Date "2019.11.05"]
[Round "1"]
[White "Sanan_Sjugirov"]
[Black "TST2014"]
[Result "0-1"]
[WhiteElo "2967"]
[BlackElo "2528"]
[TimeControl "180+2"]
[EndTime "13:07:41 PST"]
[Termination "TST2014 won by resignation"]

1. d4 Nf6 2. c4 d6 3. Nf3 Nbd7 4. Nc3 e5 5. e4 Be7 6. Be2 O-O 7. O-O c6 8. d5 Nc5 9. Qc2 a5 10. Be3 Qc7 11. h3 Bd7 12. Rac1 Rfc8 13. Nd2 Qd8 14. Qb1 h6 15. b3 Ne8 16. a3 Bg5 17. Bxg5 Qxg5 18. Nf3 Qg6 19. b4 axb4 20. axb4 Na4 21.
Nxa4 Rxa4 22. Kh2 Nf6 23. Bd3 Qh5 24. Nd2 Ra3 25. c5 cxd5 26. cxd6 Rxc1 27. Rxc1 Qh4 28. Kg1 Qf4 29. Qc2 d4 30. Nb1 Ba4 31. Qc8+ Kh7 32.
Bf1 Nxe4 33. d7 Qxf2+ 34. Kh2 Rxh3+ 0-1

[Event "*** Titled Tuesday Blitz"]
[Site "Chess.com"]
[Date "2019.11.05"]
[Round "1"]
[White "DishonorOnYourCow"]
[Black "DeGrootteZ"]
[Result "0-1"]
[WhiteElo "2219"]
[BlackElo "2605"]
[TimeControl "180+2"]
[EndTime "13:07:42 PST"]
[Termination "DeGrootteZ won by resignation"]

1. d4 Nf6 2. c4 e6 3. Nc3 Bb4 4. Nf3 d5 5. cxd5 exd5 6. e3 O-O 7. Bd3 Re8 8. O-O c6 9. a3 Bd6 10. b4 Bg4 11. h3 Bh5 12. Be2 Nbd7 13. b5 Rc8 14.
Bb2 Bb8 15. bxc6 Rxc6 16. Qb3 Bxf3 17. Bxf3 Qc7 18. g3 Rxe3 19. fxe3 Qxg3+ 20. Bg2 Qxe3+ 21. Rf2 Bg3 22. Rf1 Ng4 23. Qc2 Nxf2 24. Rxf2 Nf6 25. Qe2 Bxf2+ 26. Qxf2 Rxc3 27. Bxc3 Qxc3 28. Qf5 Qxd4+ 29.
Kh1 g6 30. Qc8+ Kg7 31. Qxb7 Qa1+ 32. Kh2 Qxa3 33. Bxd5 Qd6+ 34. Kg2 Qxd5+ 0-1

[Event "*** Titled Tuesday Blitz"]
[Site "Chess.com"]
[Date "2019.11.05"]
[Round "1"]
[White "CarlssonLudvig"]
[Black "gena217"]
[Result "0-1"]
[WhiteElo "2495"]
[BlackElo "2936"]
[TimeControl "180+2"]
[EndTime "13:07:43 PST"]
[Termination "gena217 won by resignation"]

1. Nf3 d5 2. b3 Bg4 3. e3 e5 4. h3 Bxf3 5. Qxf3 c6 6. Bb2 Nd7 7. d3 Bd6 8. Nd2 Ne7 9. Qe2 O-O 10. g3 f5 11. Bg2 Nf6 12. O-O Qd7 13. Nf3 Ng6 14. d4 e4 15. Ne5 Qe6 16. Nxg6 hxg6 17. h4 g5 18. hxg5 Nh7 19. Kh2 Nxg5 20. Rh1 g6 21.
Kg1 Kg7 22. c4 Rh8 23. Rxh8 Rxh8 24. Rc1 a6 25. cxd5 cxd5 26. Rc5 Rh7 27. Qc2 Bxc5 28.
dxc5+ Kh6 29. Qc3 d4 30. Qxd4 Qd7 31. Qf6 Qd1+ 32. Kh2 Kh5 33. Bh3 Nf3+ 0-1

[Event "*** Titled Tuesday Blitz"]
[Site "Chess.com"]
[Date "2019.11.05"]
[Round "1"]
[White "MarcoRiehle"]
[Black "gemarin"]
[Result "1/2-1/2"]
[WhiteElo "2549"]
[BlackElo "2133"]
[TimeControl "180+2"]
[EndTime "13:07:43 PST"]
[Termination "Game drawn - insufficient material"]

1. e4 c5 2. Nf3 d6 3. d4 cxd4 4. Nxd4 Nf6 5. f3 Nc6 6. c4 g6 7. Nc3 Bg7 8. Be3 O-O 9. Qd2 Ne5 10. Be2 Bd7 11. O-O a6 12. Rac1 Rc8 13. b3 Re8 14.
Rc2 Qa5 15. Rfc1 Nc6 16. Bf1 Nxd4 17. Bxd4 b5 18. Bxf6 exf6 19. Nd5 Qxd2 20. Rxd2 bxc4 21. Rxc4 Rxc4 22. Bxc4 f5 23. exf5 Bxf5 24. g4 Bc8 25.
Kg2 Kf8 26. Nb6 Bb7 27. Rxd6 Be5 28. Rd7 Re7 29. Rxe7 Kxe7 30. Bd5 Bxd5 31. Nxd5+ Kd6 32. Ne3 Kc5 33. h4 Kd4 34. Nc4 Bc7 35. h5 Kc3 36. hxg6 hxg6 37. Kf2 a5 38. Ke2 a4 39. Nd2 axb3 40.
axb3 Bf4 41. Ne4+ Kxb3 42. Kd3 Be5 43. Nd2+ Kb4 44. Ke4 Bc3 45. Nf1 Kc5 46. Ne3 Kd6 47.
f4 Be1 48. g5 Ke6 49. Ng4 Bc3 50. Kf3 f6 51. gxf6 Bxf6 52. Ke4 Bb2 53. Ne5 Bxe5 54.
fxe5 g5 55. Kd4 g4 56. Ke4 g3 57. Kf3 g2 58. Kxg2 Kf5 59. Kf3 Kxe5 1/2-1/2

[Event "*** Titled Tuesday Blitz"]
[Site "Chess.com"]
[Date "2019.11.05"]
[Round "1"]
[White "Philosopherrr"]
[Black "mikhaillushenkov"]
[Result "0-1"]
[WhiteElo "2342"]
[BlackElo "2695"]
[TimeControl "180+2"]
[EndTime "13:07:44 PST"]
[Termination "mikhaillushenkov won by resignation"]

1. Nf3 d5 2. g3 Nc6 3. Bg2 e5 4. d3 Nf6 5. O-O a5 6. Bg5 Be7 7. Nc3 d4 8. Bxf6 Bxf6 9. Ne4 Be7 10. e3 O-O 11. exd4 exd4 12. Re1 h6 13. Ned2 Be6 14. Ne5 Nxe5 15. Rxe5 c6 16. a4 Bd6 17. Re1 Qd7 18. Nc4 Bc7 19. Qh5 Rfe8 20. Qc5 Qe7 21. Qxd4 Rad8 22. Qa7 Qb4 23. c3 Qb3 24. Nxa5 Bxa5 25.
Qxa5 Rxd3 26. Bh3 Qxb2 27. Bxe6 Rxe6 28. Reb1 Qxc3 29. Qa8+ Kh7 30. Qxb7 Re2 31. Qxf7 Rf3 32. Qh5 Rfxf2 33. Rf1 Qd4 0-1

[Event "*** Titled Tuesday Blitz"]
[Site "Chess.com"]
[Date "2019.11.05"]
[Round "1"]
[White "Olga_Ustinova"]
[Black "moro182"]
[Result "0-1"]
[WhiteElo "2388"]
[BlackElo "2719"]
[TimeControl "180+2"]
[EndTime "13:07:46 PST"]
[Termination "moro182 won by checkmate"]

1. d4 d5 2. Nf3 Nf6 3. Bf4 e6 4. e3 c5 5. c3 Nc6 6. Nbd2 Bd6 7. Bg3 O-O 8. Bd3 b6 9. Ne5 Bb7 10. f4 Ne7 11. O-O Nf5 12. Bf2 Be7 13.
Qf3 Nd6 14. Bh4 Nfe4 15. Bxe7 Qxe7 16. Rad1 f6 17. Ng4 c4 18. Bxe4 dxe4 19. Qe2 b5 20.
a3 a5 21. Ra1 Bd5 22. Nf2 Qb7 23. Ra2 b4 24. axb4 axb4 25. Rfa1 bxc3 26. bxc3 Rxa2 27. Rxa2 Ra8 28. Rxa8+ Qxa8 29. Qd1 Qa3 30. Qc2 f5 31. Nb1 Qa1 32. Nd1 Bc6 33. Qb2 Qa4 34. Qc1 Nb5 35. h3 h6 36. Kh2 Kh7 37. h4 Nc7 38. Qd2 Nd5 39. Kg3 Qb3 40. Qc1 Ba4 41. Nf2 Qa2 42. h5 Qe2 43. Na3 Bb3 44. Nb5 Nxe3 45. Nd6 Nf1+ 46. Kh3 Qxh5# 0-1

[Event "*** Titled Tuesday Blitz"]
[Site "Chess.com"]
[Date "2019.11.05"]
[Round "1"]
[White "GianmarcoVaR"]
[Black "1995Tiger"]
[Result "0-1"]
[WhiteElo "2528"]
[BlackElo "2055"]
[TimeControl "180+2"]
[EndTime "13:07:47 PST"]
[Termination "1995Tiger won by checkmate"]

1. d4 d5 2. c4 e6 3. Nf3 Nf6 4. g3 dxc4 5. Bg2 c6 6. O-O b5 7. Ne5 Bb7 8. a4 a6 9. Nc3 Nd5 10. e4 Nxc3 11. bxc3 Nd7 12. f4 Be7 13. Qg4 O-O 14.
Be3 c5 15. Rab1 Nf6 16. Qe2 Bxe4 17. Bxe4 Nxe4 18. Qc2 Qd5 19. axb5 cxd4 20. Bxd4 axb5 21. Ng4 f5 22. Rfe1 b4 23. Ne3 Qd7 24. Nxc4 bxc3 25. Red1 Qc7 26. Nb6 Rad8 27. Be3 Bc5 28. Bxc5 Qxc5+ 29.
Kg2 Rxd1 30. Qxd1 c2 31. Qg1 cxb1=Q 32. Qxb1 Rb8 33. Nd7 Rxb1 34. Nxc5 Rb2+ 35. Kf3 Nxc5 36. h4 h5 37. Ke3 Rb3+ 38. Kf2 Ne4+ 39. Kg2 Rxg3+ 40. Kh2 Rg4 41. Kh3 e5 42. fxe5 f4 43. e6 f3 44. e7 Kf7 45. Kh2 f2 46. e8=N Kxe8 47. Kh1 f1=Q+ 48. Kh2 Qg1+ 49. Kh3 Nf2# 0-1

[Event "*** Titled Tuesday Blitz"]
[Site "Chess.com"]
[Date "2019.11.05"]
[Round "1"]
[White "Knight8700"]
[Black "bubacik"]
[Result "1-0"]
[WhiteElo "2408"]
[BlackElo "2673"]
[TimeControl "180+2"]
[EndTime "13:07:55 PST"]
[Termination "Knight8700 won on time"]

1. e4 e5 2. Nf3 Nc6 3. Bb5 a6 4. Ba4 Nf6 5. O-O Nxe4 6. d4 b5 7. Bb3 d5 8. dxe5 Be6 9. c3 Be7 10.
Nbd2 Nc5 11. Bc2 Bg4 12. h3 Bh5 13. Re1 Qd7 14. Nb3 Ne6 15. g4 Bg6 16. Bf5 h5 17. Kg2 hxg4 18. hxg4 Bxf5 19. gxf5 Nc5 20. e6 fxe6 21.
Nxc5 Bxc5 22. Rxe6+ Kf8 23. Bg5 Re8 24. Qe2 Rxe6 25.
fxe6 Qe8 26. Nh4 Kg8 27. Rh1 Be7 28. Bxe7 Qxe7 29. Qg4 Ne5 30. Nf5 Qf6 31. Rxh8+ Kxh8 32. Qh5+ Kg8 33. e7 1-0

[Event "*** Titled Tuesday Blitz"]
[Site "Chess.com"]
[Date "2019.11.05"]
[Round "1"]
[White "belisarius64"]
[Black "nitpicker"]
[Result "0-1"]
[WhiteElo "2606"]
[BlackElo "2286"]
[TimeControl "180+2"]
[EndTime "13:07:58 PST"]
[Termination "nitpicker won on time"]

1. e4 e6 2. d4 d5 3. Nc3 dxe4 4. Nxe4 Bd7 5. Nf3 Bc6 6. Bd3 Nd7 7. Qe2 Ngf6 8. Ng3 Be7 9. O-O Bxf3 10. Qxf3 c6 11.
Re1 O-O 12. b3 Qa5 13. Bb2 Ba3 14. Bxa3 Qxa3 15. c4 Qd6 16. Rad1 a5 17. c5 Qc7 18. Re2 g6 19. Rde1 Rad8 20. h4 h5 21. Ne4 Nxe4 22.
Bxe4 Kg7 23. Bb1 Nf6 24. Rd1 Rd5 25. Red2 Rfd8 26. g3 R8d7 27. Qe3 Qd8 28. f4 Ng4 29. Qe4 Rxc5 30. Qe2 Rc3 31. Rd3 Rxd3 32. Rxd3 Rxd4 33. Qd2 Rxd3 34. Qxd3 Qxd3 35. Bxd3 Ne3 36. Kf2 Nd5 37. Kf3 Nb4 38. Bb1 Kf6 39. Ke4 Nd5 40. Kd4 b6 41.
a3 Ke7 42. Bd3 Kd6 0-1

[Event "*** Titled Tuesday Blitz"]
[Site "Chess.com"]
[Date "2019.11.05"]
[Round "1"]
[White "51616516516"]
[Black "Aygehovit1992"]
[Result "0-1"]
[WhiteElo "2197"]
[BlackElo "2592"]
[TimeControl "180+2"]
[EndTime "13:07:59 PST"]
[Termination "Aygehovit1992 won on time"]

1. d4 Nf6 2. c4 g6 3. Nf3 Bg7 4. g3 O-O 5. Bg2 d6 6. O-O Nc6 7. Nc3 a6 8. Re1 Rb8 9. Rb1 b5 10. cxb5 axb5 11. b4 Nd7 12. e4 e5 13. d5 Ne7 14.
Qd3 Qe8 15. Nxb5 Ba6 16. a4 Nb6 17. Qc2 Bxb5 18. axb5 Rb7 19. Bf1 h6 20. Ra1 f5 21.
Bb2 Kh7 22. exf5 Nxf5 23. Qc6 Qc8 24. Bh3 Qb8 25. Nd2 Ne7 26. Qc2 Nbxd5 27. Bg2 Rxb5 28. Ne4 Nxb4 29. Qd2 Nd3 30. Qxd3 Rxb2 31. Ra8 Qb4 32.
Rxf8 Qxe1+ 0-1

[Event "*** Titled Tuesday Blitz"]
[Site "Chess.com"]
[Date "2019.11.05"]
[Round "1"]
[White "NZT72"]
[Black "gmcorrales"]
[Result "0-1"]
[WhiteElo "2481"]
[BlackElo "2881"]
[TimeControl "180+2"]
[EndTime "13:08:02 PST"]
[Termination "gmcorrales won by resignation"]

1. c4 c5 2. g3 Nc6 3. Bg2 g6 4. Nc3 Bg7 5. b3 d6 6. Bb2 Nf6 7. Nd5 e6 8. Nxf6+ Bxf6 9. Bxf6 Qxf6 10. Nf3 g5 11. d3 h5 12. h4 g4 13. Nd2 Bd7 14.
O-O a6 15. a3 Rb8 16. Rb1 b5 17. cxb5 axb5 18. b4 cxb4 19. axb4 d5 20. Nb3 Nxb4 21. Nc5 Nc6 22. Na6 Rb6 23. Nc7+ Kf8 24. Rxb5 Rxb5 25. Nxb5 Kg7 26. Qa1 Ne5 27. Nd4 Rb8 28. Rb1 Rc8 29. Qa7 Rc3 30. Qa5 Rc8 31. Nb5 Rb8 32. Na3 Rxb1+ 33. Nxb1 Nc6 34. Qe1 Nd4 35. Nc3 Qe5 36.
Qd2 f6 37. e3 Nf3+ 38. Bxf3 gxf3 39. d4 Qf5 40. Kh2 e5 0-1

[Event "*** Titled Tuesday Blitz"]
[Site "Chess.com"]
[Date "2019.11.05"]
[Round "1"]
[White "FearlessKing64"]
[Black "Mesutgm"]
[Result "0-1"]
[WhiteElo "2250"]
[BlackElo "2611"]
[TimeControl "180+2"]
[EndTime "13:08:02 PST"]
[Termination "Mesutgm won by resignation"]

1. e4 e6 2. d4 d5 3. exd5 exd5 4. Nf3 Bd6 5. Bd3 Ne7 6. c3 Bg4 7. Bg5 f6 8. Bh4 Qd7 9. Nbd2 Nbc6 10. Qc2 O-O-O 11.
Bg3 Rde8 12. O-O-O Bf5 13. Bxd6 Bxd3 14. Qxd3 Qxd6 15.
Rde1 Qd7 16. Re2 Nf5 17. Rhe1 g6 18. Rxe8+ Rxe8 19. Rxe8+ Qxe8 20. Kd1 Nd6 21. Qe2 Qxe2+ 22. Kxe2 Kd7 23. Kd3 Ke6 24. Ng1 h5 25. Ne2 g5 26.
f4 Kf5 27. fxg5 fxg5 28. Ke3 h4 29. h3 Ne7 30. Nf3 Ng6 31. Nd2 Ne7 32. Ng1 Nf7 33. Ngf3 Ng6 34. Ne1 Nf4 35. Kf2 Nd6 36. Ndf3 Ne4+ 37.
Kf1 c5 38. dxc5 Nxc5 39. Nd4+ Ke4 40. Nef3 Nfe6 41. Nxe6 Nxe6 42. Ke2 Nf4+ 43. Kf2 Ne6 44. Ke2 Kf4 45. Kf2 Nc5 46. Ne1 Ne4+ 47. Ke2 Kg3 48.
Ke3 Nf6 49. b3 Nh5 50. c4 dxc4 51. bxc4 Nf4 52. c5 Nxg2+ 53. Nxg2 Kxg2 54. a4 Kxh3 55. a5 a6 56. Ke4 g4 57. Kd5 g3 58. Kd6 g2 59. Kc7 g1=Q 60. Kxb7 Qxc5 0-1